 Dungeon Crawl Stone Soup version 0.16.1-4-g8e1b745 (webtiles) character file.

86 valak23 the Skirmisher (level 4, -2/35 HPs)
             Began as a Demonspawn Abyssal Knight on Mar 26, 2015.
             Was a Follower of Lugonu.
             Slain by Terence
             ... wielding a +3 mace
              (7 damage)
             ... on level 2 of the Dungeon.
             The game lasted 00:04:19 (2255 turns).

valak23 the Skirmisher (Demonspawn Abyssal Knight)  Turns: 2255, Time: 00:04:20

Health: -2/35      AC:  3    Str: 13    XL:     4   Next: 26%
Magic:  5/5        EV: 11    Int: 14    God:    Lugonu [*.....]
Gold:   46         SH:  0    Dex: 12    Spells: 0 memorised, 3 levels left

rFire  . . .     SeeInvis .     a - +1 spear
rCold  . . .     Clarity  .     b - +0 leather armour
rNeg   . . .     SustAb   .     (no shield)
rPois  .         Gourm    .     (no helmet)
rElec  .         Spirit   .     (no cloak)
rCorr  .         Warding  .     (no gloves)
rMut   .         Stasis   .     (no boots)
MR     .....                    (no amulet)
Stlth  +++.......               (no ring)
                                (no ring)

@: not resistant to hostile enchantments, fairly stealthy
A: nightstalker 2, rot immunity
a: Depart the Abyss, Renounce Religion


You were on level 2 of the Dungeon.
You worshipped Lugonu.
Lugonu was aware of your devotion.
You were not hungry.

You visited 1 branch of the dungeon, and saw 3 of its levels.
You visited the Abyss 1 time.

You collected 46 gold pieces.

Inventory:

Hand weapons
 a - a +1 spear (weapon)
Missiles
 l - 6 javelins (quivered)
Armour
 b - a +0 leather armour (worn)
Magical devices
 i - a wand of fire (10)
Scrolls
 g - a scroll of fog
Potions
 e - a potion of invisibility
 j - a potion of ambrosia {unknown}
Comestibles
 c - 3 bread rations
 d - 2 beef jerkies
 f - 5 fruits
 h - 2 slices of pizza


   Skills:
 + Level 3.4 Fighting
 * Level 2.9 Polearms
 + Level 2.3 Armour
 + Level 1.4 Dodging
 + Level 0.8 Stealth
 + Level 2.7 Invocations


You had 3 spell levels left.
You didn't know any spells.

Dungeon Overview and Level Annotations

Branches:
Dungeon (3/15)

Altars:
Xom

Annotations:
D:2 Terence


Innate Abilities, Weirdness & Mutations

You are significantly more attuned to the shadows.
You are immune to rotting.


Message History

You are too injured to fight recklessly!
You are too injured to fight recklessly!
You are too injured to fight recklessly!
You are too injured to fight recklessly!
You are too injured to fight recklessly!
You are too injured to fight recklessly!
You are too injured to fight recklessly!
You are too injured to fight recklessly!
You are too injured to fight recklessly!
You hit Terence.
Terence is heavily wounded.
Terence closely misses you.
You hit Terence.
Terence is severely wounded.
Terence hits you with an enchanted mace.
* * * LOW HITPOINT WARNING * * *
You hit Terence but do no damage.
Terence is severely wounded.
Terence hits you with an enchanted mace!
You die...

..#.#........####...####.#
..###.#.#.#..##.......# ###
#.#.#.#..##.>.....#
#.#...#..##.......#
#####.#..##..####...###
.............# #.@.#
......##.##### ##.############
.###..##.# ######.#...#......#
.# #.....# #...@@.....#.####.#
.###..#######.##.......#.####.#
......# #..................##.#
......# #.###.#.......##.#.##.#
####### #.#
#.#.......##.#.##.### #.#
#.......####.......[# #.#
#####...# ###.####.#
##.########.### #.####.#
#.....>##.....# ##....#.#


You could see Terence.

Vanquished Creatures
  2 adders (D:2)
  3 worms (D:2)
  3 giant geckos (D:1)
  6 bats
  A giant cockroach (D:2)
  3 hobgoblins
  2 jackals (D:1)
  3 quokkas
  10 giant newts
  6 goblins
  7 kobolds
  5 rats
51 creatures vanquished.

Notes
Turn   | Place    | Note
--------------------------------------------------------------
     0 | Abyss:1  | valak23, the Demonspawn Abyssal Knight, began the quest for the Orb.
     0 | Abyss:1  | Reached XP level 1. HP: 18/18 MP: 1/1
    49 | Abyss:1  | Noticed a raiju
    55 | D:1      | Escaped the Abyss
   375 | D:1      | Gained mutation: You are immune to rotting. [demonic ancestry]
   375 | D:1      | Reached XP level 2. HP: 20/24 MP: 2/2
   457 | D:1      | Acquired Lugonu's first power
   524 | D:1      | Reached skill level 1 in Dodging
   899 | D:1      | Gained mutation: You are slightly more attuned to the shadows. [demonic ancestry]
   899 | D:1      | Reached XP level 3. HP: 25/29 MP: 4/4
  1367 | D:2      | HP: 1/29 [quokka (1)]
  1368 | D:3      | Found a shimmering altar of Xom.
  1813 | D:2      | Gained mutation: You are significantly more attuned to the shadows. [demonic ancestry]
  1813 | D:2      | Reached XP level 4. HP: 24/35 MP: 5/5
  1909 | D:2      | Noticed Terence
  1925 | D:2      | HP: 1/35 [Terence/enchanted mace (9)]
  2255 | D:2      | Slain by Terence

Action                   |  1- 3 |  4- 6 || total
-------------------------+-------+-------++-------
Melee: Spear             |   176 |    55 ||   231
Invok: Depart the Abyss  |     1 |       ||     1
  Use: Scroll            |     4 |       ||     4
 Stab: Sleeping          |     2 |     3 ||     5
  Eat: Bread ration      |     1 |       ||     1
